[Event "Late-Titled-Tuesday-Blitz-May-07-2024"]
[Site "Chess.com"]
[Date "2024.05.07"]
[Round "7"]
[White "dolynachess"]
[Black "lluiss"]
[Result "1/2-1/2"]
[WhiteElo "2537"]
[BlackElo "2253"]
[TimeControl "180+1"]
[EndTime "15:17:11 PDT"]
[Termination "Game drawn by stalemate"]

1. d4 Nf6 2. c4 g6 3. Nc3 d5 4. cxd5 Nxd5 5. e4 Nxc3 6. bxc3 Bg7 7. Bc4 O-O 8. Ne2 c5 9. Be3 Nc6 10. h4 cxd4 11. cxd4 Qa5+ 12. Kf1 h5 13. f3 e6 14.
e5 Rd8 15. Qb3 Qc7 16. Rc1 Na5 17. Qd3 Nxc4 18. Qxc4 Qa5 19. g4 Bd7 20. gxh5 Rac8 21. Qb3 Rxc1+ 22. Bxc1 Qa6 23. hxg6 Bb5 24. gxf7+ Kxf7 25. Qe3 Bxe2+ 26. Qxe2 Qxe2+ 27. Kxe2 Rxd4 28. f4 Bh6 29. Rd1 Rxd1 30. Kxd1 Kg6 31. Ke2 Kf5 32. Kf3 b5 33. Bd2 a6 34. h5 Bg7 35. Be3 a5 36. Bd2 b4 37. Bc1 a4 38. Bd2 b3 39. axb3 axb3 40.
Bc3 Bh6 41. Ke2 Bxf4 42. Kd3 Kg5 43. Kc4 Kxh5 44. Kxb3 Kg5 45. Kc4 Kf5 46. Kd3 Bxe5 47. Bxe5 Kxe5 48. Ke3 Kd5 49. Kd3 e5 50. Ke3 e4 51. Ke2 Ke5 52. Ke3 Kf5 53. Ke2 Kf4 54.
Kf2 e3+ 55. Ke2 Ke4 56. Ke1 Kf4 57. Ke2 Ke4 58. Ke1 Kf3 59. Kf1 e2+ 60. Ke1 Ke3 1/2-1/2

[Event "Late-Titled-Tuesday-Blitz-May-07-2024"]
[Site "Chess.com"]
[Date "2024.05.07"]
[Round "7"]
[White "mbojan"]
[Black "Bryanl106"]
[Result "0-1"]
[WhiteElo "2878"]
[BlackElo "2715"]
[TimeControl "180+1"]
[EndTime "15:17:12 PDT"]
[Termination "Bryanl106 won by checkmate"]

1. e4 e6 2. d4 d5 3. Nc3 Bb4 4. e5 c5 5. a3 Bxc3+ 6. bxc3 Qa5 7. Bd2 c4 8. a4 Nc6 9. Qg4 g6 10.
h4 h5 11. Qf4 Bd7 12. Nf3 Nge7 13. Ng5 O-O-O 14. Nxf7 Rdf8 15. Nd6+ Kb8 16. Qg5 Rhg8 17. Be2 Nf5 18. Nxf5 Rxf5 19. Qg3 Ne7 20. Bg5 Rf7 21.
O-O Nf5 22. Qf4 Qxc3 23. Rfd1 Rgf8 24. Bf6 Qxc2 25. Bf3 Ka8 26. Qg5 Qc3 27. Rac1 Qb2 28. Rb1 Qc3 29. Rbc1 Qb2 30. Qxg6 Nxd4 31. Bxh5 Ne2+ 32.
Bxe2 Qxe2 33. Rd4 Qb2 34. Rcd1 Bxa4 35. R4d2 Qb4 36. h5 Bxd1 37. Rxd1 c3 38. Qc2 b6 39.
Rb1 Qe4 40. Qc1 c2 41. Ra1 Qd3 42. h6 Rc8 43. g3 Rfc7 44. Kg2 Rc3 45. Qg5 c1=Q 46.
Rxc1 Rxc1 47. Qg4 Qf1+ 48. Kf3 Qh1+ 49. Kf4 R1c4+ 50. Kg5 Rxg4+ 51. Kxg4 Qe4+ 52. Kg5 Qf5+ 53. Kh4 Rc4+ 54. g4 Qxg4# 0-1

[Event "Late-Titled-Tuesday-Blitz-May-07-2024"]
[Site "Chess.com"]
[Date "2024.05.07"]
[Round "7"]
[White "emeli_chess"]
[Black "nitpicker"]
[Result "1-0"]
[WhiteElo "2444"]
[BlackElo "2281"]
[TimeControl "180+1"]
[EndTime "15:17:12 PDT"]
[Termination "emeli_chess won on time"]

1. d4 Nf6 2. c4 e6 3. Nc3 Bb4 4. Qc2 d5 5. cxd5 exd5 6. Bg5 h6 7.
Bxf6 Qxf6 8. a3 Bxc3+ 9. Qxc3 c6 10. e3 Bf5 11. Nf3 Nd7 12. b4 a6 13. Be2 O-O 14. O-O Rac8 15. Rfc1 Qd6 16. Ra2 f6 17. Ne1 Rfe8 18.
Nd3 Re7 19. Nc5 Nf8 20. Nxb7 Rxb7 21. Bxa6 Rbc7 22. Bxc8 Bxc8 23. Qc5 Qxc5 24. Rxc5 Nd7 25. Ra5 Nb6 26. Rc2 Kf8 27. Rcc5 Ke7 28. b5 Nc4 29. Ra8 Bb7 30. Rg8 Nxa3 31. Rxg7+ Kd6 32. Rxc7 Kxc7 33.
bxc6 Bxc6 34. Ra5 Nc4 35. Ra7+ Bb7 36. h4 Nd6 37. f3 Nf5 38. Kf2 Nxh4 39. Ra1 Nf5 40.
Rh1 Kd6 41. g4 Ne7 42. Rxh6 Ng8 43. Rg6 Ne7 44. Rxf6+ Kd7 45. g5 Ke8 46. Rb6 Bc8 47. Rb8 Kf7 48. f4 Bf5 49. Rb7 Ke6 50. Kf3 Be4+ 51. Kg4 Bf5+ 52. Kh5 Bg6+ 53. Kh6 1-0

[Event "Late-Titled-Tuesday-Blitz-May-07-2024"]
[Site "Chess.com"]
[Date "2024.05.07"]
[Round "7"]
[White "ChristopherYoo"]
[Black "Abund"]
[Result "1/2-1/2"]
[WhiteElo "2983"]
[BlackElo "2780"]
[TimeControl "180+1"]
[EndTime "15:17:17 PDT"]
[Termination "Game drawn by repetition"]

1. d4 d5 2. c4 e6 3. Nc3 Nf6 4. Nf3 a6 5. cxd5 exd5 6. Bg5 Be6 7. Qb3 Nbd7 8. e3 Bd6 9. Bd3 Rb8 10. O-O c6 11. Qc2 Qc7 12. Bf5 Bxf5 13. Qxf5 O-O 14. Rae1 Rfe8 15. Re2 Ne4 16. Nxe4 Rxe4 17. Bh4 Ree8 18.
Rfe1 Bb4 19. Bg3 Bd6 20. Bh4 Bb4 21. Rc1 Bd6 22. a3 h6 23. Rec2 Nb6 24. Bg3 Bxg3 25.
hxg3 Nc4 26. g4 Re6 27. g5 hxg5 28. Nxg5 Rh6 29. g3 Nxe3 30. fxe3 Qxg3+ 31. Kf1 Rf6 32. Qxf6 gxf6 33. Rg2 Qxe3 34. Ne6+ Kh7 35. Rh2+ Kg6 36. Rg2+ Kh6 37. Rh2+ Kg6 38. Rg2+ Kh7 39. Rh2+ Kg8 40.
Rg2+ Kh8 41. Rh2+ Kg8 42. Rg2+ 1/2-1/2

[Event "Late-Titled-Tuesday-Blitz-May-07-2024"]
[Site "Chess.com"]
[Date "2024.05.07"]
[Round "7"]
[White "vugarrasulov"]
[Black "chenxiaoyuer"]
[Result "1-0"]
[WhiteElo "2992"]
[BlackElo "2791"]
[TimeControl "180+1"]
[EndTime "15:17:18 PDT"]
[Termination "vugarrasulov won by checkmate"]

1. d4 Nf6 2. c4 g6 3. Nc3 Bg7 4. Nf3 O-O 5. g3 d6 6. Bg2 c6 7. O-O Bf5 8. Qb3 Qb6 9. Re1 d5 10. c5 Qxb3 11. axb3 Na6 12. Bf4 Ne4 13. Ra4 h6 14. h4 Rfe8 15. Rea1 Bf6 16. Bxh6 e5 17.
dxe5 Bxe5 18. Nxe5 Rxe5 19. Bxe4 Bxe4 20. Be3 Bc2 21. Rc1 Bxb3 22. Ra3 Rxe3 23. fxe3 Nxc5 24. Nxd5 Bxd5 25. Rxc5 b6 26. Rc1 a5 27. Ra4 b5 28.
Rd4 a4 29. Kf2 f5 30. g4 Kf7 31. h5 Re8 32. Rg1 gxh5 33. gxf5 Re5 34. Rf4 Re4 35. Rg5 b4 36. Rxh5 a3 37. bxa3 bxa3 38. Rxe4 Bxe4 39. Rh7+ Kf6 40. Ra7 Kxf5 41. Rxa3 Ke5 42. Ra8 c5 43.
Re8+ Kd5 44. Kg3 c4 45. Kf4 Bg6 46. e4+ Kd4 47. Rd8+ Kc3 48. e5 Kb2 49. Rb8+ Ka3 50. e6 c3 51. Ke3 Ka2 52. e7 c2 53. Kd2 Ka1 54. Kc1 Ka2 55. e8=Q Bxe8 56. Rxe8 Kb3 57. Rc8 Kb4 58. Rxc2 Kb5 59. e4 Kb6 60. e5 Kb7 61. e6 Kb8 62. e7 Ka8 63. e8=Q+ Kb7 64. Qc6+ Ka7 65. Ra2+ Kb8 66. Ra8# 1-0

[Event "Late-Titled-Tuesday-Blitz-May-07-2024"]
[Site "Chess.com"]
[Date "2024.05.07"]
[Round "7"]
[White "TigrVShlyape"]
[Black "pouya21"]
[Result "1/2-1/2"]
[WhiteElo "2969"]
[BlackElo "2861"]
[TimeControl "180+1"]
[EndTime "15:17:19 PDT"]
[Termination "Game drawn by agreement"]

1. d4 d5 2. Bf4 c5 3. e3 cxd4 4. exd4 Nc6 5. c3 Bf5 6. Nd2 e6 7. Ngf3 f6 8. Nh4 g5 9. g4 Be4 10. f3 gxf4 11. fxe4 f5 12. g5 Qxg5 13. Nhf3 Qh6 14.
exd5 exd5 15. Qe2+ Be7 16. O-O-O O-O-O 17. Qd3 Qh5 18. Ne5 Nxe5 19. dxe5 Nh6 20. h3 Qg6 21. Nf3 Kb8 22.
Rg1 Qb6 23. Kb1 Bc5 24. Rg7 Bf8 25. Rg1 Qe3 26. Be2 Bc5 27. Rg7 Qe4 28. a3 Bb6 29.
Ka2 Rdg8 30. Rxg8+ Rxg8 31. Qb5 Rd8 32. a4 Nf7 33.
Re1 Nxe5 34. Nxe5 Qxe5 35. Rd1 Qc7 36. Bf3 Qc4+ 37. Qxc4 dxc4 38. Rxd8+ Bxd8 39. Bd5 Kc7 40. Kb1 b6 41. Kc2 Kd6 42. Bxc4 f3 43. Kd3 Ke5 44.
Ke3 Bg5+ 45. Kxf3 Bc1 46. b3 Bb2 47. Bg8 h6 48. Bf7 Bxc3 49. Bg8 Bb4 50. Bf7 a5 51. Bg8 Bc5 52. Bf7 Bb4 53. Bg8 Bc5 1/2-1/2

[Event "Late-Titled-Tuesday-Blitz-May-07-2024"]
[Site "Chess.com"]
[Date "2024.05.07"]
[Round "7"]
[White "ContrVersia"]
[Black "Firouzja2003"]
[Result "0-1"]
[WhiteElo "2904"]
[BlackElo "3195"]
[TimeControl "180+1"]
[EndTime "15:17:20 PDT"]
[Termination "Firouzja2003 won on time"]

1. e4 c5 2. Nf3 d6 3. d4 cxd4 4. Nxd4 Nf6 5. Nc3 a6 6. Bd3 g6 7. f3 Bg7 8. Be3 Qc7 9. Qd2 h5 10. h3 Nbd7 11. f4 b5 12. O-O O-O 13. a3 e5 14.
Nde2 exf4 15. Nxf4 Bb7 16. Bd4 Rae8 17. Rae1 Ne5 18.
Kh1 Qd8 19. Qf2 h4 20. Nce2 Nxe4 21. Bxe4 Bxe4 22. Nc3 Bb7 23. Nfd5 f5 24. Bb6 Qd7 25. Qxh4 Bxd5 26. Nxd5 Qb7 27. Rd1 Nc4 28. Bd4 Re4 29.
Qf2 Nxb2 30. Bxb2 Bxb2 31. c3 Bxa3 32. Qg3 Qf7 33. Ra1 Bc5 34. Rxa6 f4 35. Qg4 Qf5 36. Qd1 Kg7 37. Ra5 Qe5 38. Rxb5 f3 39. Rb7+ Kh8 40. gxf3 Qg3 41. Qc2 Rh4 0-1

[Event "Late-Titled-Tuesday-Blitz-May-07-2024"]
[Site "Chess.com"]
[Date "2024.05.07"]
[Round "7"]
[White "IMRosen"]
[Black "Licancabur"]
[Result "1-0"]
[WhiteElo "2635"]
[BlackElo "2487"]
[TimeControl "180+1"]
[EndTime "15:17:21 PDT"]
[Termination "IMRosen won on time"]

1. a4 d5 2. Ra3 e5 3. g3 Bxa3 4. Nxa3 Nf6 5. b3 O-O 6. Bb2 Re8 7. Bg2 Nc6 8. e3 Bg4 9. f3 Bh5 10. g4 Bg6 11. h4 h5 12. g5 Nd7 13. Ne2 Qe7 14. O-O a6 15. f4 Be4 16. f5 Bxg2 17. Kxg2 f6 18. g6 Qb4 19. Ng3 Qxh4 20. Nxh5 Qg5+ 21. Ng3 e4 22. Rh1 Nde5 23. Nb1 Nf3 24. Kf2 Nce5 25. Bxe5 Rxe5 26. Rh5 Qg4 27. Qh1 Kf8 28.
Rh8+ Ke7 29. Rxa8 Nh4 30. Nc3 Nxf5 31. Nce2 Nh4 32. Ke1 c5 33. Kd1 Kd7 34. Kc1 Kc7 35.
Rg8 Re7 36. Qh2 Nf3 37. Qh7 Qd7 38. Nf4 d4 39. exd4 cxd4 40. Nxe4 Rxe4 41. Rxg7 Re7 42. Rxe7 1-0

[Event "Late-Titled-Tuesday-Blitz-May-07-2024"]
[Site "Chess.com"]
[Date "2024.05.07"]
[Round "7"]
[White "NCchamp"]
[Black "Hakiki_satranc"]
[Result "0-1"]
[WhiteElo "2261"]
[BlackElo "2411"]
[TimeControl "180+1"]
[EndTime "15:17:21 PDT"]
[Termination "Hakiki_satranc won on time"]

1. d4 Nf6 2. Bg5 c5 3. Bxf6 gxf6 4. d5 Qb6 5. Qc1 f5 6. c4 Bg7 7. Nc3 d6 8. e3 Na6 9. Nh3 Qa5 10. Nf4 Nc7 11. Bd3 e5 12. Ne2 Bd7 13. O-O h5 14.
Kh1 h4 15. h3 O-O-O 16. a3 Bh6 17. b4 Qb6 18. Rb1 Rdg8 19. Rg1 Na6 20. bxc5 Qxc5 21. Nb5 Kb8 22. Nec3 Bxb5 23. Rxb5 Qc8 24. Qb2 Nc5 25. Be2 e4 26. Rb1 Bg7 27. Qb4 Bxc3 28. Qxc3 Rh7 29.
Qb4 f6 30. Bf1 Rhg7 31. a4 Ka8 32. a5 Rh8 33. Qb2 Rhg8 34. Qxf6 f4 35. Qxf4 Qc7 36. a6 b6 37. Rd1 Nd3 38. Bxd3 exd3 39. Qf3 Qxc4 40. Rbb1 Rxg2 41. Rbc1 Qe4 42. Qxe4 Rxf2 43. Qe6 d2 0-1

[Event "Late-Titled-Tuesday-Blitz-May-07-2024"]
[Site "Chess.com"]
[Date "2024.05.07"]
[Round "7"]
[White "RespectfulDaveOnYouTube"]
[Black "MiguelBestard1981"]
[Result "1-0"]
[WhiteElo "2399"]
[BlackElo "2182"]
[TimeControl "180+1"]
[EndTime "15:17:22 PDT"]
[Termination "RespectfulDaveOnYouTube won on time"]

1. e4 e5 2. Bc4 Nf6 3. d3 Nc6 4. Nf3 Bc5 5. O-O h6 6. c3 d6 7. h3 a6 8. Bb3 Ba7 9. a4 Ne7 10. Nbd2 g5 11. Nc4 Ng6 12. d4 Qe7 13. Re1 g4 14.
hxg4 Bxg4 15. Ne3 h5 16. Nf5 Qd7 17. Bg5 Nxe4 18. Ng7+ Kf8 19. Rxe4 Kxg7 20. dxe5 dxe5 21. Qxd7 Bxd7 22. Nxe5 Bf5 23. Re2 Rhe8 24. Rae1 f6 25. Nxg6 Rxe2 26. Rxe2 Kxg6 27. Bf4 Bb6 28. Re7 Rf8 29.
Bxc7 Bxc7 30. Rxc7 Be4 31. f3 Bc6 32. a5 Rd8 33. Bf7+ Kg5 34. b4 Rd1+ 35. Kf2 Rd2+ 36. Ke3 Rxg2 37. Be6 Rb2 38. Rg7+ Kh6 39. Rf7 Kg6 40.
Rf8 h4 41. Kf4 h3 42. Bxh3 Rb3 43. Bf5+ 1-0

[Event "Late-Titled-Tuesday-Blitz-May-07-2024"]
[Site "Chess.com"]
[Date "2024.05.07"]
[Round "7"]
[White "FairChess_on_YouTube"]
[Black "AlexeiShirov"]
[Result "1/2-1/2"]
[WhiteElo "3071"]
[BlackElo "2893"]
[TimeControl "180+1"]
[EndTime "15:17:23 PDT"]
[Termination "Game drawn by repetition"]

1. d4 d5 2. c4 c6 3. Nf3 Nf6 4. Nc3 e6 5. g3 dxc4 6. Bg2 b5 7. O-O Bb7 8. e4 b4 9. Na4 Nxe4 10.
Ne5 Nd6 11. Nc5 Qb6 12. Be3 Nf5 13. Nxc4 Qb5 14. a4 Qxc4 15. Rc1 Qa2 16. Nxb7 Be7 17.
Qc2 b3 18. Bxc6+ Kf8 19. Qc3 Nxc6 20. Ra1 Nb4 21. Rxa2 bxa2 22. Bd2 a5 23. Nxa5 f6 24. g4 Nh4 25. Qb3 Nd5 26. Nc6 Kf7 27. a5 Rhc8 28. Nxe7 Nxe7 29. Ra1 Rab8 30. Qg3 g5 31. Rxa2 Nd5 32.
Bc3 Nxc3 33. Qd3 Nxa2 34. Qxh7+ Kf8 35. h3 Nb4 36. Qh8+ Ke7 37. Qg7+ Kd6 38. Qxf6 Nd5 39. Qe5+ Kd7 40. Qg7+ Kc6 41. a6 Rc7 42. Qh6 Kd6 43. Kh2 Rxb2 44. Qf8+ Kd7 45. Qf7+ Kd6 46. Qf8+ Kd7 47.
Qf7+ Kd6 48. Qf8+ 1/2-1/2

[Event "Late-Titled-Tuesday-Blitz-May-07-2024"]
[Site "Chess.com"]
[Date "2024.05.07"]
[Round "7"]
[White "h4parah5"]
[Black "bancsoo"]
[Result "1-0"]
[WhiteElo "3023"]
[BlackElo "2865"]
[TimeControl "180+1"]
[EndTime "15:17:23 PDT"]
[Termination "h4parah5 won by resignation"]

1. Nf3 d5 2. e3 Nf6 3. c4 c6 4. Qc2 g6 5. b3 Bg7 6. Bb2 O-O 7. Be2 Bf5 8. d3 a5 9. O-O Na6 10. a3 Re8 11. Rd1 Rc8 12. Nbd2 Bg4 13. h3 Bxf3 14. Nxf3 e6 15. Bc3 b5 16. d4 Ne4 17. Be1 Qb6 18.
Rab1 Nb8 19. Bd3 f5 20. Qe2 b4 21. c5 Qb7 22. Ra1 e5 23. axb4 axb4 24. Qc2 exd4 25. exd4 Rc7 26. Ra4 Nc3 27. Bxc3 bxc3 28. Qxc3 Rce7 29.
Raa1 Nd7 30. Re1 Nf8 31. Rxe7 Rxe7 32. b4 Ne6 33. Rb1 Qc7 34. Bf1 Qf4 35. g3 Qc7 36. Kg2 g5 37. Re1 g4 38. hxg4 fxg4 39. Ne5 Nxd4 40. Nxg4 h5 41. Nh2 Rf7 42. Re8+ Rf8 43. Rxf8+ Kxf8 44. Nf3 Nf5 45. Qd3 Qf7 46. Qa6 Qf6 47.
Bd3 Ne7 48. Qa8+ Kf7 49. Qb8 Bh6 50. Ne5+ Kg7 51. Qd6 Bg5 52. f4 Bh6 53. Qd7 h4 54. Nxc6 Kf8 55. Qd8+ 1-0

[Event "Late-Titled-Tuesday-Blitz-May-07-2024"]
[Site "Chess.com"]
[Date "2024.05.07"]
[Round "7"]
[White "Denmark2015"]
[Black "NovakRatko"]
[Result "1-0"]
[WhiteElo "2584"]
[BlackElo "2406"]
[TimeControl "180+1"]
[EndTime "15:17:23 PDT"]
[Termination "Denmark2015 won on time"]

1. d4 d5 2. c4 c5 3. cxd5 Qxd5 4. Nc3 Qxd4 5. Qxd4 cxd4 6. Nb5 Na6 7. Nf3 f6 8. Nbxd4 e5 9. Nb5 e4 10. Nfd4 Bb4+ 11.
Bd2 Bxd2+ 12. Kxd2 Ne7 13. e3 O-O 14. Rc1 b6 15. Nc7 Nxc7 16. Rxc7 Ng6 17. Bc4+ Kh8 18.
Bd5 Rb8 19. Bxe4 f5 20. Bd3 Ne5 21. Rxa7 f4 22. Be4 fxe3+ 23. fxe3 Rf2+ 24. Kc3 Bg4 25. Ra8 Rxa8 26. Bxa8 h6 27. a4 Bh5 28. Be4 Ng4 29.
Bf3 g6 30. Bxg4 Bxg4 31. h3 Bd7 32. Ra1 Rxg2 33. b4 Rg3 34. Kd3 Rxh3 35. a5 bxa5 36. bxa5 Bc8 37. a6 g5 38. a7 Bb7 39. Rb1 Bd5 40.
Rb5 Bh1 41. Rb8+ Kg7 42. Rb6 g4 43. Nc6 g3 44. a8=Q g2 45. Qa7+ Kg6 46. Ne5+ Kg5 47.
Qg7+ Kf5 48. Rb1 1-0

[Event "Late-Titled-Tuesday-Blitz-May-07-2024"]
[Site "Chess.com"]
[Date "2024.05.07"]
[Round "7"]
[White "sergiochess83"]
[Black "FabianoCaruana"]
[Result "0-1"]
[WhiteElo "2893"]
[BlackElo "3086"]
[TimeControl "180+1"]
[EndTime "15:17:24 PDT"]
[Termination "FabianoCaruana won on time"]

1. d4 d5 2. c4 e6 3. Nc3 Bb4 4.
e3 Nf6 5. Bd3 O-O 6. Nf3 dxc4 7.
Bxc4 c5 8. O-O Nc6 9. a3 Ba5 10. Ne2 cxd4 11. Nexd4 Bd7 12. b4 Bc7 13. Bb2 Qe7 14. Rc1 Rac8 15. Qe2 a5 16. bxa5 Bxa5 17. Rfd1 h6 18. h3 Rfd8 19. Nb5 Be8 20. Rxd8 Rxd8 21.
Rd1 Nd5 22. Bxd5 exd5 23. Nbd4 f6 24. Qc2 Bc7 25. Qf5 Bf7 26. Rc1 Ne5 27. Nb5 Bb8 28. Rc8 Nc4 29. Rxd8+ Qxd8 30. Bd4 Qe8 31. a4 Qe6 32.
Qxe6 Bxe6 33. Kf1 Bf5 34. Ke2 Bc2 35. Nc3 Kf7 36. Ne1 Bb3 37. Nd3 Nd6 38. Nf4 Nf5 39. Nfxd5 Ke6 40. Nb4 Bc4+ 41. Ke1 Nxd4 42. exd4 Bd6 43.
Nc2 Bb3 44. Kd2 g5 45. Kd3 Kd7 46. Ne3 h5 47. g4 h4 48. Ned5 Ke6 49. Ne3 Bb4 50. Nc4 Bxc3 51. Kxc3 Bxa4 52. d5+ Ke7 53. Kb4 Bd1 54. Kc5 Bxg4 55. hxg4 h3 56. d6+ Ke6 0-1

[Event "Late-Titled-Tuesday-Blitz-May-07-2024"]
[Site "Chess.com"]
[Date "2024.05.07"]
[Round "7"]
[White "CarlosjPineror"]
[Black "Itay121"]
[Result "1-0"]
[WhiteElo "2657"]
[BlackElo "2550"]
[TimeControl "180+1"]
[EndTime "15:17:24 PDT"]
[Termination "CarlosjPineror won by checkmate"]

1. e4 e5 2. Nf3 d5 3. d4 dxe4 4. Nxe5 Nd7 5. Nc4 Ngf6 6. Be2 Nb6 7. Ne3 Bd6 8. c4 Bb4+ 9. Nc3 O-O 10. O-O Re8 11. a3 Bf8 12. d5 Nbd7 13. b4 a5 14. Rb1 axb4 15. axb4 Ne5 16. h3 g6 17. c5 Bg7 18.
Bb2 h5 19. Nb5 Bxh3 20. gxh3 Qd7 21. Kh2 Bh6 22. Ng2 Qf5 23. Bc1 Nf3+ 24. Bxf3 exf3 25.
Bxh6 fxg2 26. Kxg2 Nxd5 27. Qf3 Qe6 28. Rfe1 Qc6 29.
Nd4 Qd7 30. b5 Rxe1 31. Rxe1 Kh7 32. Bg5 f6 33. c6 bxc6 34. bxc6 Qf7 35. Be3 Ra3 36.
Qe4 f5 37. Qe6 Qxe6 38. Nxe6 Rc3 39. Rd1 Rxc6 40. Ng5+ Kh6 41. Rxd5 Rd6 42. Nf7+ Kg7 43. Nxd6 cxd6 44. Rxd6 f4 45. Bxf4 g5 46. Bxg5 h4 47.
Bxh4 Kh7 48. Rf6 Kg7 49. Kf3 Kg8 50. Kg4 Kg7 51. Kf5 Kg8 52. Kg6 Kh8 53. Rf8# 1-0

[Event "Late-Titled-Tuesday-Blitz-May-07-2024"]
[Site "Chess.com"]
[Date "2024.05.07"]
[Round "7"]
[White "Mikhal867"]
[Black "prime-morty"]
[Result "1-0"]
[WhiteElo "2536"]
[BlackElo "2685"]
[TimeControl "180+1"]
[EndTime "15:17:24 PDT"]
[Termination "Mikhal867 won by checkmate"]

1. d4 d5 2. c4 e6 3. Nf3 a6 4.
g3 dxc4 5. Bg2 Nc6 6. O-O Rb8 7. a4 b5 8. axb5 axb5 9. b3 cxb3 10. Qxb3 Nf6 11. Rd1 Be7 12. e4 Nxe4 13. Ne5 Nxd4 14. Qe3 Qd5 15. Qxe4 Qxe4 16. Bxe4 Ne2+ 17. Kf1 Nxc1 18.
Bc6+ Kf8 19. Rxc1 Bf6 20. f4 Bxe5 21. fxe5 Ke7 22. Nc3 Bd7 23. Bxd7 Kxd7 24. Ne4 Rhc8 25. Nc5+ Ke7 26. Ra7 Ra8 27. Rca1 Rxa7 28. Rxa7 f6 29. Rb7 fxe5 30. Rxb5 Ra8 31. Rb2 Ra1+ 32. Kf2 Rc1 33. Nd3 Rc3 34. Nxe5 Kf6 35. Ng4+ Kf5 36. h3 h5 37.
Ne3+ Kf6 38. Rc2 Rxc2+ 39. Nxc2 Ke5 40. Ke3 g5 41. Nd4 c5 42. Nc6+ Kd6 43. Nd8 Ke7 44.
Nb7 c4 45. Kd4 Kf6 46. Nc5 Kf5 47. Kxc4 h4 48. g4+ Kf4 49. Nxe6+ Kg3 50. Nxg5 Kf4 51. Ne6+ Kg3 52. g5 Kxh3 53. g6 Kh2 54. g7 h3 55.
g8=Q Kh1 56. Nf4 Kh2 57. Qg4 Kh1 58. Qxh3+ Kg1 59. Qg2# 1-0

[Event "Late-Titled-Tuesday-Blitz-May-07-2024"]
[Site "Chess.com"]
[Date "2024.05.07"]
[Round "7"]
[White "jinxy2009"]
[Black "picturesquecheck"]
[Result "0-1"]
[WhiteElo "2291"]
[BlackElo "2452"]
[TimeControl "180+1"]
[EndTime "15:17:24 PDT"]
[Termination "picturesquecheck won on time"]

1. e4 d6 2. d4 Nf6 3. Nc3 g6 4. f4 Bg7 5. Nf3 O-O 6. Bd3 Bg4 7.
O-O Nfd7 8. Ne2 c5 9. c3 Nc6 10. Be3 cxd4 11. Nexd4 Nxd4 12. cxd4 Qb6 13. Qa4 Qxb2 14.
Rab1 Qc3 15. Rb3 Qc7 16. h3 Bxf3 17. Rxf3 Nb6 18. Qa5 Rfc8 19. f5 Nd7 20. Qe1 a6 21.
fxg6 hxg6 22. Rb1 e5 23. Rc1 Qd8 24. Bc4 Nf6 25. Bg5 Qb6 26. Qf1 Qxd4+ 27. Kh1 b5 28. Bxf6 Rxc4 29. Rxc4 Qxc4 30. Bxg7 Qxf1+ 31. Rxf1 Kxg7 32. Rd1 Rd8 33. Rd5 Kf6 34. Kg1 Ke6 35. Kf2 f5 36. Rd2 Rc8 37. Ke3 Rc4 38. exf5+ gxf5 39. Rf2 f4+ 40. Kf3 Ra4 41. Rc2 Ra3+ 42. Kg4 Rg3+ 43. Kh4 b4 44. Kh5 a5 45. h4 a4 46.
Rb2 b3 47. axb3 Rxb3 48. Ra2 a3 49. Kg6 Rg3+ 50. Kh7 Kf7 51. h5 e4 52. h6 d5 53.
Kh8 Rc3 54. g4 Kg6 0-1

[Event "Late-Titled-Tuesday-Blitz-May-07-2024"]
[Site "Chess.com"]
[Date "2024.05.07"]
[Round "7"]
[White "Chessbard1972"]
[Black "DonMicheleCorleone"]
[Result "0-1"]
[WhiteElo "2327"]
[BlackElo "2495"]
[TimeControl "180+1"]
[EndTime "15:17:24 PDT"]
[Termination "DonMicheleCorleone won on time"]

1. e4 d5 2. exd5 Qxd5 3. Nc3 Qa5 4. d4 Nf6 5. Bc4 Nc6 6. Nf3 Bg4 7. Bd2 Qh5 8. Be2 O-O-O 9. h3 Bxf3 10. Bxf3 Qg6 11. Be3 Nxd4 12. Bxd4 e5 13. Bxb7+ Kxb7 14. Qf3+ c6 15. Be3 e4 16. Qe2 Qxg2 17. Rf1 Qxh3 18. Rd1 Rxd1+ 19. Qxd1 Bb4 20. Qd4 c5 21. Qc4 Qe6 22.
Qb5+ Qb6 23. Qc4 Rd8 24. Qxf7+ Rd7 25. Qc4 a6 26. Rg1 Qd6 27. Ke2 Qc6 28. Rg5 h6 29.
Rf5 Bxc3 30. bxc3 Qb5 31. Qxb5+ axb5 32. Rxc5 Rd5 33. Bd4 Rxc5 34. Bxc5 Kc6 35. Bd4 Kd5 36.
Ke3 Kc4 37. Kf4 Nd5+ 38. Kxe4 Nxc3+ 39. Kf5 Nxa2 40. Bxg7 Nb4 41. c3 Nd3 42. f4 h5 43.
Kg5 h4 44. f5 h3 0-1

[Event "Late-Titled-Tuesday-Blitz-May-07-2024"]
[Site "Chess.com"]
[Date "2024.05.07"]
[Round "7"]
[White "miraitrunks"]
[Black "prachiti01"]
[Result "0-1"]
[WhiteElo "2254"]
[BlackElo "2455"]
[TimeControl "180+1"]
[EndTime "15:17:25 PDT"]
[Termination "prachiti01 won by resignation"]

1. e4 e6 2. Nf3 d5 3. Nc3 Nf6 4.
e5 Nfd7 5. d4 c5 6. dxc5 Nc6 7.
Bf4 Bxc5 8. Bd3 a6 9. O-O Be7 10. Qe2 b5 11. Rad1 g5 12. Bg3 g4 13. Nd2 h5 14. f3 h4 15. Bf4 g3 16. h3 Bc5+ 17.
Kh1 Nd4 18. Qe1 Qc7 19. Ne2 Bb7 20. Nb3 Nxb3 21. axb3 Nxe5 22. Qc3 Bd6 23. Qd4 O-O-O 24. Nc3 Nc6 25. Bxd6 Qxd6 26. Qf6 Qe7 27. Qf4 Qc7 28. Qf6 Qe7 29. Qf4 e5 30. Qf5+ Kb8 31. Rfe1 f6 32. f4 e4 33. Nxd5 Rxd5 34. Qxd5 Nb4 35. Qf5 e3 36. c3 Nd5 37. Be4 Nb6 38. Bxb7 Qxb7 39. Rxe3 Rc8 40. Rde1 Rd8 41. Re8 Rxe8 42. Rxe8+ Ka7 43.
Qxf6 Nd5 44. Rf8 Nxf6 0-1

[Event "Late-Titled-Tuesday-Blitz-May-07-2024"]
[Site "Chess.com"]
[Date "2024.05.07"]
[Round "7"]
[White "ImportedItalianMaple"]
[Black "azikom"]
[Result "1-0"]
[WhiteElo "2541"]
[BlackElo "2732"]
[TimeControl "180+1"]
[EndTime "15:17:26 PDT"]
[Termination "ImportedItalianMaple won on time"]

1. e4 c6 2. d4 d5 3. e5 Bf5 4. Nd2 e6 5. Nb3 a5 6. a4 Nd7 7. Nf3 Ne7 8. Be2 h6 9. O-O Bh7 10. Ne1 Nc8 11. Bd3 Bxd3 12. Nxd3 Be7 13. f4 O-O 14. f5 exf5 15. Rxf5 Qe8 16. Qg4 Kh7 17.
Be3 f6 18. Raf1 fxe5 19. Rxf8 Bxf8 20. dxe5 Ne7 21. Nd4 Ng6 22. Ne6 Qe7 23. Qf5 Re8 24. Nef4 Nxe5 25. Nxe5 Qxe5 26. Qxg6+ Kg8 27. Bd2 Qe4 28. Kh1 Qxg6 29. Nxg6 Bb4 30. c3 Bd6 31. Re1 Ra8 32. Nf4 Rf8 33. Nd3 Rf5 34. g3 Rf3 35.
Nf4 Bxf4 36. Bxf4 Rf2 37. Bc1 Rc2 38. Kg1 Kf7 39. Rf1+ Ke6 40. b4 Rxc3 41. Bb2 Rb3 42. Bxg7 h5 43. bxa5 c5 44. Rf6+ Ke7 45. Rb6 1-0

[Event "Late-Titled-Tuesday-Blitz-May-07-2024"]
[Site "Chess.com"]
[Date "2024.05.07"]
[Round "7"]
[White "mishanick"]
[Black "Hikaru"]
[Result "0-1"]
[WhiteElo "3057"]
[BlackElo "3223"]
[TimeControl "180+1"]
[EndTime "15:17:29 PDT"]
[Termination "Hikaru won on time"]

1. d4 a6 2. e4 e6 3. Nf3 d5 4. e5 c5 5. c3 Bd7 6. Bd3 Bb5 7. O-O Bxd3 8. Qxd3 Nc6 9. Be3 Qb6 10.
b3 Rc8 11. Rc1 Nh6 12. Nbd2 Nf5 13. dxc5 Bxc5 14. Bxc5 Qxc5 15. b4 Qb6 16. Nb3 O-O 17.
h3 Rfd8 18. a4 Qc7 19. Qe2 a5 20. g4 Nfe7 21. b5 Nb8 22. Qe3 Nd7 23. Kg2 b6 24. Nbd4 Qb8 25. Re1 Rc4 26. Nd2 Rc7 27. f4 Rdc8 28.
Ra3 Ng6 29. Kg3 Rc5 30. h4 Qc7 31. h5 Ne7 32. Rc1 h6 33. Qd3 Nf8 34. Qe3 Qb8 35. Kf2 Nd7 36. Ke2 R5c7 37. Rc2 Nc5 38. Kd1 Ne4 39. Nxe4 dxe4 40. Qxe4 Rc4 41. Qd3 Qc7 42. Rd2 Nd5 43. Nc6 Rxf4 44. c4 Nb4 45. Qd7 Nxc6 46. bxc6 Qxc6 47. Rc3 Qxd7 48. Rxd7 Rfxc4 49. Rf3 Rf8 50. Rg3 Rxa4 51. g5 hxg5 52. Rxg5 Rb4 53. Ra7 a4 54. h6 g6 55. Rg3 Re4 56. Rf3 Rxe5 0-1